 Dungeon Crawl Stone Soup version 0.30-a0-823-geb93a13fce (webtiles) character file.

Game seed: 2175180261420660023

159 retardedninja the Shield-Bearer (level 5, -5/47 HPs)
             Began as a Gnoll Fighter on Feb 27, 2023.
             Slain by a gnoll bouda
             ... wielding a +0 whip
              (11 damage)
             ... on level 3 of the Dungeon.
             The game lasted 00:03:03 (2141 turns).

retardedninja the Shield-Bearer (Gnoll Fighter)     Turns: 2141, Time: 00:03:04

Health: -5/47      AC: 11    Str: 17    XL:     5   Next: 40%
Magic:  7/7        EV:  7    Int:  7    God:
Gold:   111        SH:  0    Dex: 12    Spells: 7/7 levels left

rFire   . . .      SeeInvis .    a - +0 flail
rCold   . . .      Faith    .    c - +0 buckler
rNeg    . . .      Spirit   .    l - +0 chain mail
rPois   .          Reflect  .    (no helmet)
rElec   .          Harm     .    (no cloak)
rCorr   .          Rampage  .    e - +0 pair of gloves
Will    .....                    (no boots) Stlth
                                 (no amulet)
HPRegen 0.27/turn                (no ring)
MPRegen 0.10/turn                (no ring)

@: confused, ambrosia-drunk, attractive, hasted, very quick
A: fangs 1, strong nose, distributed training
a: no special abilities


You were on level 3 of the Dungeon.
You visited 1 branch of the dungeon, and saw 3 of its levels.

You collected 111 gold pieces.

Inventory:

Hand Weapons
 a - a +0 flail (weapon)
Armour
 c - a +0 buckler (worn)
 e - a +0 pair of gloves (worn)
 l - a +0 chain mail (worn)
Scrolls
 b - a scroll of identify
 d - a scroll of fear
 g - 3 scrolls of teleportation
Potions
 f - a potion of degeneration {unknown}
 h - a potion of haste
 i - a potion of brilliance {unknown}
 k - a potion of attraction
 m - a potion of curing {unknown}
 n - a potion of mutation {unknown}


   Skills:
 + Level 6.7 Fighting
 + Level 1.5 Short Blades
 + Level 1.5 Long Blades
 + Level 1.5 Axes
 + Level 4.8 Maces & Flails
 + Level 1.5 Polearms
 + Level 1.5 Staves
 + Level 1.5 Ranged Weapons
 + Level 1.5 Throwing
 + Level 6.7 Armour
 + Level 1.5 Dodging
 + Level 1.5 Stealth
 + Level 6.7 Shields
 + Level 1.5 Unarmed Combat
 + Level 1.5 Spellcasting
 + Level 1.2 Conjurations
 + Level 1.2 Hexes
 + Level 1.2 Summonings
 + Level 1.2 Necromancy
 + Level 1.2 Translocations
 + Level 1.2 Transmutations
 + Level 1.2 Fire Magic
 + Level 1.2 Ice Magic
 + Level 1.2 Air Magic
 + Level 1.2 Earth Magic
 + Level 1.2 Poison Magic
 + Level 1.7 Invocations
 + Level 1.5 Evocations


You had 7 spell levels left.
You didn't know any spells.
Your spell library was empty.

Dungeon Overview and Level Annotations

Branches:
Dungeon (3/15)

Altars:


Innate Abilities, Weirdness & Mutations

You have very sharp teeth.
Your uncanny sense of smell can sniff out nearby items.
Your experience applies equally to all skills.


Message History

The gnoll bouda is moderately wounded.
The gnoll hits you from afar with a +0 spear.
The gnoll bouda hits you with a +0 whip.
You hit the gnoll bouda.
The gnoll bouda is heavily wounded.
The gnoll hits you but does no damage. The gnoll bouda barely misses you.
You block the gnoll's attack.
You hit the gnoll bouda.
The gnoll bouda is severely wounded.
The gnoll bouda barks out a call to the hunt!
The gnoll picks up the pace!
The gnoll hits you but does no damage.
You hit the gnoll bouda but do no damage.
The gnoll bouda is severely wounded.
The gnoll bouda closely misses you. The gnoll barely misses you.
The gnoll bouda prays to its god.
The gnoll bouda is healed somewhat.
You hit the gnoll bouda.
The gnoll bouda is heavily wounded.
The gnoll barely misses you. You block the gnoll bouda's attack.
You closely miss the gnoll bouda.
The gnoll bouda is heavily wounded.
The gnoll hits you from afar with a +0 spear.
The gnoll bouda hits you with a +0 whip!
* * * LOW HITPOINT WARNING * * *
It was a potion of attraction.
You feel attractive to monsters. The gnoll hits you but does no damage.
The gnoll bouda hits you with a +0 whip!
* * * LOW HITPOINT WARNING * * *
You feel yourself speed up.
Your attacks no longer feel as feeble.
The gnoll hits you from afar with a +0 spear.
* * * LOW HITPOINT WARNING * * *
The gnoll bouda barely misses you.
It was a potion of ambrosia.
You are confused.
You feel invigorated. The gnoll hits you but does no damage.
The gnoll bouda hits you with a +0 whip!
You die...

..## .# .#
...# #.##.#
.... <....#
..$. .g....
....
###...####
...#
#####.g......#
..## #.g.gK.#
# #.# .##
#g###..#.# #.#
## #@# #..#.#
#.# # #
#.###....# #.#
# # #......###
#.# # #####.##
#.# ##
#.######.####.
#........##...
#.##..........
#.#..)..###.##
#........##.##


You could see a gnoll bouda and a gnoll (swift).

Vanquished Creatures
  Natasha (D:2)
  4 gnolls (D:3)
  3 adders (D:2)
  3 worms (D:2)
  2 dart slugs
  3 orcs (D:3)
  4 endoplasms
  3 giant cockroaches
  3 goblins (D:1)
  4 hobgoblins
  2 quokkas (D:1)
  5 ball pythons
  3 bats
  4 frilled lizards
  10 kobolds
  2 rats
56 creatures vanquished.

Notes
Turn   | Place    | Note
-------+----------+-------------------------------------------
     0 | D:1      | retardedninja the Gnoll Fighter began the quest for the
                  | Orb.
     0 | D:1      | Reached XP level 1. HP: 23/23 MP: 1/1
   267 | D:1      | Reached XP level 2. HP: 24/29 MP: 2/2
   708 | D:1      | Reached XP level 3. HP: 35/35 MP: 3/3
  1128 | D:2      | Reached skill level 1 in Invocations
  1192 | D:2      | Reached skill level 1 in Short Blades
  1192 | D:2      | Reached skill level 1 in Long Blades
  1192 | D:2      | Reached skill level 1 in Axes
  1192 | D:2      | Reached skill level 1 in Polearms
  1192 | D:2      | Reached skill level 1 in Staves
  1192 | D:2      | Reached skill level 1 in Ranged Weapons
  1192 | D:2      | Reached skill level 1 in Throwing
  1192 | D:2      | Reached skill level 1 in Dodging
  1192 | D:2      | Reached skill level 1 in Stealth
  1192 | D:2      | Reached skill level 1 in Unarmed Combat
  1192 | D:2      | Reached skill level 1 in Spellcasting
  1192 | D:2      | Reached skill level 1 in Evocations
  1258 | D:2      | Reached XP level 4. HP: 36/41 MP: 5/5
  1273 | D:2      | Noticed Natasha
  1286 | D:2      | Killed Natasha
  1287 | D:2      | Reached skill level 1 in Conjurations
  1287 | D:2      | Reached skill level 1 in Hexes
  1287 | D:2      | Reached skill level 1 in Summonings
  1287 | D:2      | Reached skill level 1 in Necromancy
  1287 | D:2      | Reached skill level 1 in Translocations
  1287 | D:2      | Reached skill level 1 in Transmutations
  1287 | D:2      | Reached skill level 1 in Fire Magic
  1287 | D:2      | Reached skill level 1 in Ice Magic
  1287 | D:2      | Reached skill level 1 in Air Magic
  1287 | D:2      | Reached skill level 1 in Earth Magic
  1287 | D:2      | Reached skill level 1 in Poison Magic
  1350 | D:2      | Found a faded altar of an unknown god.
  1714 | D:3      | Reached XP level 5. HP: 47/47 MP: 5/7
  2141 | D:3      | Slain by a gnoll bouda

Illustrated notes

Levels and vault maps discovered:
D:1:      minmay_arrival_widening_spiral_narrow, layout_loops_corners,
          minmay_heptomino_h4
D:2:      layout_rooms, ebering_ecumenical_altar_rust, st_stairs_8, uniq_natasha
D:3:      layout_loops_corners

Skill      XL: |  1  2  3  4 |
---------------+-------------+-----
Invocations    | 1 |  1.7
Short Blades   | 1 |  1.5
Long Blades    | 1 |  1.5
Axes           | 1 |  1.5
Polearms       | 1 |  1.5
Staves         | 1 |  1.5
Ranged Weapons | 1 |  1.5
Throwing       | 1 |  1.5
Dodging        | 1 |  1.5
Stealth        | 1 |  1.5
Unarmed Combat | 1 |  1.5
Spellcasting   | 1 |  1.5
Evocations     | 1 |  1.5
Conjurations   | 1 |  1.2
Hexes          | 1 |  1.2
Summonings     | 1 |  1.2
Necromancy     | 1 |  1.2
Translocations | 1 |  1.2
Transmutations | 1 |  1.2
Fire Magic     | 1 |  1.2
Ice Magic      | 1 |  1.2
Air Magic      | 1 |  1.2
Earth Magic    | 1 |  1.2
Poison Magic   | 1 |  1.2
Fighting       | |  6.7
Maces & Flails | |  4.8
Armour         | |  6.7
Shields        | |  6.7

Action                     |  1- 3 |  4- 6 || total
---------------------------+-------+-------++-------
  Melee: Flail             |   128 |    90 ||   218
         Bite              |     9 |     7 ||    16
    Use: Potion            |     1 |     3 ||     4
         Scroll            |       |     3 ||     3
 Armour: Scale mail        |    41 |       ||    41
         Chain mail        |    40 |    43 ||    83
  Dodge: Dodged            |    56 |    35 ||    91
  Block: Buckler           |    48 |    21 ||    69

Table legend: (Time is in decaauts)
 A = Elapsed time spent in this place.
 B = Non-inter-level travel time spent in this place.
 C = Inter-level travel time spent in this place.
 D = Time resting spent in this place.
 E = Time spent auto-exploring this place.
 F = Levels seen in this place.
 G = Mean time per level.
                   A        B        C        D        E       F      G
               +--------+--------+--------+--------+--------+-----+--------+
         Total |   2186 |   2155 |     31 |    138 |   1538 |   3 |  728.7 |
       Dungeon |   2186 |   2155 |     31 |    138 |   1538 |   3 |  728.7 |
               +--------+--------+--------+--------+--------+-----+--------+

Top non-repeatable levels by time:
     D:1: 1141 daAuts
     D:2: 536 daAuts
     D:3: 508 daAuts
